 Dungeon Crawl Stone Soup version 0.19.0-19-g8c6edcc (webtiles) character file.

71 NINUZHNO the Slasher (level 4, 0/35 HPs)
             Began as a Mummy Chaos Knight on Nov 14, 2016.
             Slain by a worker ant (9 damage)
             ... on level 1 of the Dungeon.
             The game lasted 00:03:07 (5615 turns).

NINUZHNO the Slasher (Mummy Chaos Knight)           Turns: 5615, Time: 00:03:09

Health: 0/35       AC:  6    Str: 16    XL:     4   Next: 5%
Magic:  4/4        EV: 11    Int: 11    God:    Xom [...*..]
Gold:   56         SH:  0    Dex: 16    Spells: 0 memorised, 3 levels left

rFire  x . .     SeeInvis .     a - +0 falchion (chaos)
rCold  + . .     Gourm    .     b - +2 leather armour
rNeg   + + +     Faith    .     (no shield)
rPois  ∞         Spirit   .     (no helmet)
rElec  .         Reflect  .     f - +0 cloak
rCorr  .         Harm     .     (no gloves)
MR     .....                    (no boots)
Stlth  +.........               (no amulet)
                                (no ring)
                                g - +5 ring of dexterity

@: no status effects
A: no food or potions, fire vulnerability, cold resistance 1, negative energy
resistance 3, torment resistance, unbreathing
a: Renounce Religion


You were on level 1 of the Dungeon.
You worshipped Xom.
You were a favourite toy of Xom.
You were not hungry.

You visited 1 branch of the dungeon, and saw 2 of its levels.

You collected 56 gold pieces.

Inventory:

Hand Weapons
 a - a +0 falchion of chaos (weapon)
Armour
 b - a +2 leather armour (worn)
 f - a +0 cloak (worn)
Jewellery
 g - a +5 ring of dexterity (left hand)
Scrolls
 c - 2 scrolls of identify {unknown}
 d - a scroll of amnesia {unknown}
 e - a scroll of enchant armour {unknown}


   Skills:
 - Level 3.0 Fighting
 + Level 4.0 Long Blades
 - Level 1.5 Armour
 - Level 0.7 Dodging


You had 3 spell levels left.
You didn't know any spells.

Dungeon Overview and Level Annotations

Branches:
Dungeon (2/15)

Altars:


Innate Abilities, Weirdness & Mutations

You do not eat or drink.
Your flesh is vulnerable to fire.
You are immune to poison.
Your flesh is cold resistant. (rC+)
You are immune to negative energy. (rN+++)
You are immune to unholy pain and torment.
You can survive without breathing.


Message History

The worker ant bites you but does no damage.
You closely miss the worker ant.
The worker ant is heavily wounded.
The worker ant bites you but does no damage.
The worker ant barely misses you.
You hit the worker ant.
The worker ant goes berserk!
Xom is highly amused!
The worker ant is severely wounded.
The worker ant bites you. x2
You hit the worker ant but do no damage.
The worker ant is severely wounded.
The worker ant bites you! x2
A shower of butterflies erupts from you!
You hit the worker ant but do no damage.
The worker ant is moving more slowly.
The worker ant is severely wounded.
The worker ant bites you.
* * * LOW HITPOINT WARNING * * *
The worker ant bites you!
You die...

##.#.#.#.#..#.# #...######.....[.
.....#####.##.###...## #.##.#.#
##.#..........##.....#####.##.#.#
#.##!#.....######....##......)..#
....÷......# ##...##.##.##.###
#.##.#.##### #...##.##.##.#
#.#..).###### #.........##.##
....>.......######>............#
.......÷###.#..a@b.b...≈..####.##
........# #.......b...≈⌠≈.###...#
.....)..#####.#...##...≈≈.##.....
..............†.#.##..[...##....#
.......########...##.#######.#.##
#...........# #..###.# #.#.#
######.####.# #..# #.# #...# #.#
#.# #..# #.#######.### ######.#
#.###..###.##......#


You could see a worker ant (berserk).

Vanquished Creatures
  An adder (D:1)
  2 oozes
  3 dart slugs (D:1)
  A leopard gecko (D:1)
  An orc (D:1)
  4 bats (D:1)
  5 giant cockroaches (D:1)
  6 goblins (D:1)
  4 hobgoblins (D:1)
  4 jackals (D:1)
  3 kobolds
  2 ball pythons (D:1)
  2 frilled lizards (D:1)
  5 rats
43 creatures vanquished.

Notes
Turn   | Place    | Note
-------+----------+-------------------------------------------
     0 | D:1      | NINUZHNO the Mummy Chaos Knight began the quest for the Orb.
     0 | D:1      | Reached XP level 1. HP: 18/18 MP: 1/1
     1 | D:1      | XOM: silly message
   106 | D:1      | XOM: medium Necr miscast
   117 | D:1      | Reached XP level 2. HP: 21/24 MP: 2/2
   166 | D:1      | Reached skill level 3 in Long Blades
   526 | D:1      | Reached XP level 3. HP: 27/29 MP: 3/3
   845 | D:1      | XOM: stat loss: -1 Str (15/16)
  1477 | D:1      | XOM: harmless Chrm miscast
  1743 | D:1      | XOM: cloud trail
  2064 | D:1      | XOM: noise
  2493 | D:1      | XOM: harmless Erth miscast
  2595 | D:1      | XOM: divination: detect items
  2769 | D:1      | XOM: medium Tmut miscast
  3608 | D:1      | XOM: harmless Tloc miscast
  3672 | D:1      | XOM: harmless Hex miscast
  4019 | D:1      | XOM is BORED!
  4019 | D:1      | XOM: harmless Pois miscast
  4045 | D:1      | XOM: mild Fire miscast
  4389 | D:1      | XOM: god gift: lumpy cyan potion {god gift}
  4515 | D:1      | XOM: 5-stop teleportation journey
  4533 | D:1      | Reached skill level 4 in Long Blades
  4618 | D:1      | XOM: fake destruction
  4701 | D:1      | Reached XP level 4. HP: 30/35 MP: 4/4
  5086 | D:1      | XOM: cloud trail
  5614 | D:1      | XOM: butterfly on damage
  5615 | D:1      | Slain by a worker ant

Skill      XL: |  1  2  3 |
---------------+----------+-----
Long Blades    | 3 4 |  4.0
Fighting       | |  3.0
Armour         | |  1.5
Dodging        | |  0.7

Action                   |  1- 3 |  4- 6 || total
-------------------------+-------+-------++-------
Melee: Falchion          |   120 |    10 ||   130
Armor: Leather armour    |    94 |     4 ||    98
Dodge: Dodged            |    80 |     8 ||    88
       Rpst.: Falchion   |    21 |     1 ||    22
